 Dungeon Crawl Stone Soup version 0.14-a0-3315-g09e681a (webtiles) character file.

78 4tharraofdagon the Firebug (level 3, -5/19 HPs)
             Began as a Deep Elf Fire Elementalist on Mar 15, 2014.
             Killed from afar by Blork the orc (12 damage)
             ... with a puff of flame
             ... on Level 4 of the Dungeon.
             The game lasted 00:03:12 (505 turns).

4tharraofdagon the Firebug (DEFE)                    Turns: 505, Time: 00:03:12

HP  -5/19        AC  7     Str  5      XL: 3   Next: 35%
MP   5/11        EV 13     Int 20      God:
Gold 36          SH  0     Dex 15      Spells:  1 memorised,  7 levels left

rFire  . . .     SeeInvis .     h - +0 mace (protect)
rCold  . . .     Clarity  .     a - +0 robe
rNeg   . . .     Conserve .     (no shield)
rPois  .         rCorr    .     (no helmet)
rElec  .         rRot     .     (no cloak)
SustAb . .       Spirit   .     (no gloves)
rMut   .         Warding  .     (no boots)
Saprov . . .     Stasis   .     (no amulet)
MR     .....                    (no ring)
                                (no ring)

@: very slightly contaminated, not resistant to hostile enchantments, fairly
stealthy
A: no striking features
a: no special abilities


You were on level 4 of the Dungeon.
You were not hungry.

You visited 1 branch of the dungeon, and saw 5 of its levels.

You collected 36 gold pieces.

Inventory:

Hand weapons
 h - a +0,+0 mace of protection (weapon)
Missiles
 l - 15 darts (quivered)
Armour
 a - a +0 robe (worn)
Magical devices
 f - a wand of disintegration (8)
Comestibles
 c - a bread ration
Scrolls
 e - a scroll of vulnerability {unknown}
 g - 2 scrolls of remove curse
 i - a scroll of random uselessness {unknown}
Potions
 j - 2 potions of curing
 k - a potion of haste {unknown}
Books
 b - a book of Flames

   Spells                             Type                      Level
   *Flame Tongue                      Conjuration/Fire             1
   Throw Flame                        Conjuration/Fire             2
   Conjure Flame                      Conjuration/Fire             3
   Inner Flame                        Hexes/Fire                   3
   Sticky Flame                       Conjuration/Fire             4
   Fireball                           Conjuration/Fire             5


   Skills:
 - Level 2.4 Dodging
 - Level 2.4 Stealth
 + Level 3.3 Spellcasting
 * Level 2.5 Conjurations
 * Level 4.0 Fire Magic


You had 7 spell levels left.
You knew the following spells:

 Your Spells              Type           Power        Failure   Level  Hunger
a - Flame Tongue          Conj/Fire      ###..        3%          1    None


Dungeon Overview and Level Annotations

Branches:
Dungeon (5/15)
 Temple: D:4-7

Altars:

Annotations:
D:4 Blork the orc


Message History

Aim: a worker ant (almost dead)
The flame hits the worker ant.
You kill the worker ant!
Your Fire Magic skill increases to level 4!
You have reached level 3!
Your experience leads to an increase in your attributes!
Increase (S)trength, (I)ntelligence, or (D)exterity?
You feel clever.
Unknown command.
Drink which item? (? for menu, Esc to quit)
Okay, then.
Read which item? (? for menu, Esc to quit)
As you read the scroll of fear, it crumbles to dust.
You assume a fearsome visage.
Blork the orc looks frightened!
Blork the orc gestures wildly while chanting.
Blork the orc flickers and vanishes!
Deactivating autopickup; reactivate with Ctrl-A.
The puff of flame hits you!
Ouch! That really hurt!
You die...

#.....###.##########...........
#####.# #.# #........... #...#.#
#.# ##########.. #...#.# #.#
#..... #...#.# #.# ###....(
##...#'###.# #.......
#..........# #.......
#..........##############.......
#..........#...@.......{........
#..........#.###########.....###
#..........#. #########.....#
#..........#.# #.......:.....#
#..........#.# #.........!..##
#..........#.# ............#
####+#.#####.###............#
#........................#
###......#...............#


There were no monsters in sight!

Vanquished Creatures
  A worker ant (D:4)
  A giant mite (D:2)
  A goblin (D:1)
  3 hobgoblins
  3 bats
  A kobold (D:2)
  A rat (D:2)
11 creatures vanquished.

Notes
Turn   | Place    | Note
--------------------------------------------------------------
     0 | D:1      | 4tharraofdagon, the Deep Elf Fire Elementalist, began the quest for the Orb.
     0 | D:1      | Reached XP level 1. HP: 10/10 MP: 5/5
   113 | D:2      | Reached XP level 2. HP: 10/15 MP: 0/8
   284 | D:5      | Entered Level 5 of the Dungeon
   488 | D:4      | Noticed Blork the orc
   496 | D:4      | Reached skill level 4 in Fire Magic
   496 | D:4      | Reached XP level 3. HP: 7/19 MP: 4/11
   505 | D:4      | Killed from afar by Blork the orc

Action                   || total
-------------------------++-------
 Cast: Flame Tongue      ||    17
Evoke: Wand              ||     1
  Use: Potion            ||     2
       Scroll            ||     5
